 Dungeon Crawl Stone Soup version 0.30.1-11-g7821555f0a (webtiles) character file.

Game seed: 8915130047516773321

52 SacredBeard the Vexing (level 3, 0/20 HPs)
             Began as a Deep Elf Hexslinger on Oct 30, 2023.
             Slain by a rat (3 damage)
             ... on level 1 of the Dungeon.
             The game lasted 00:02:13 (647 turns).

SacredBeard the Vexing (Deep Elf Hexslinger)         Turns: 647, Time: 00:02:14

Health: 0/20       AC:  2    Str:  7    XL:     3   Next: 60%
Magic:  7/8        EV: 13    Int: 17    God:
Gold:   101        SH:  0    Dex: 17    Spells: 5/6 levels left

rFire   . . .        a - +1 sling
rCold   . . .        (no shield)
rNeg    . . .        c - +0 robe
rPois   .            (no helmet)
rElec   .            (no cloak)
rCorr   .            (no gloves)
SInv    .            (no boots)
Will    .....        (no amulet)
Stlth   ++           (no ring)
HPRegen 0.23/turn    (no ring)
MPRegen 0.11/turn

%: no passive effects
@: no status effects
A: no striking features
a: no special abilities


You were on level 1 of the Dungeon.
You visited 1 branch of the dungeon, and saw 2 of its levels.

You collected 101 gold pieces.

Inventory:

Hand Weapons
 a - a +1 sling (weapon)
Armour
 c - a +0 robe (worn)
Scrolls
 b - a scroll of poison
 d - a scroll of blinking {unknown}
 f - a scroll of noise {unknown}
 g - 2 scrolls of teleportation {unknown}
 h - a scroll of enchant armour {unknown}
 i - a scroll of magic mapping {unknown}
 j - a scroll of amnesia {unknown}
Potions
 e - a potion of lignification {unknown}


   Skills:
 - Level 1.0 Fighting
 * Level 3.9 Ranged Weapons
 + Level 3.0 Dodging
 + Level 2.4 Spellcasting
 + Level 4.5 Hexes


You had 5 spell levels left.
You knew the following spells:

 Your Spells              Type           Power      Damage    Failure   Level
a - Slow                  Hex            68%        N/A       3%          1

Your spell library contained the following spells:

 Spells                   Type           Power      Damage    Failure   Level
 Inner Flame              Hex/Fire       9%         N/A       22%         3
 Portal Projectile        Hex/Tloc       18%        N/A       22%         3
 Blink                    Tloc           4%         N/A       28%         2
 Lesser Beckoning         Tloc           4%         N/A       28%         2
 Momentum Strike          Conj/Tloc      4%         3d8       28%         2
 Cause Fear               Hex            8%         N/A       28%         4


Dungeon Overview and Level Annotations

Branches:
Dungeon (2/15) Zot: 11335

Altars:


Message History

There is an open door, spattered with blood here.
As you open the door, it creaks loudly!
An adder comes into view.
The adder resists with significant effort.
The adder bites you.
You are poisoned.
The adder poisons you!
The adder seems to slow down.
You feel sick.
A rat comes into view.
The adder bites you.
You feel sick.
You feel sick.
You feel sick.
You feel sick.
You feel sick.
You are no longer poisoned.
There is a stone staircase leading up here.
You are too injured to fight recklessly!
Fire: a) +1 sling
Press: ? - help, Shift-Dir - straight line, f - rat
Aim: a rat (59% to hit)
You shoot a sling bullet. The sling bullet barely misses the rat.
The adder bites you.
* * * LOW HITPOINT WARNING * * *
The rat closely misses you.
You climb upwards.
There is a stone staircase leading down here.
Casting: Slow (safe; 3% risk of failure)
Confirm with . or Enter, or press ? or * to list all spells.
Aiming: Slow (safe; 3% risk of failure)
Press: ? - help, Shift-Dir - straight line, f - adder
Aim: an adder (chance to affect: 59%)
The adder seems to slow down.
The adder bites you.
* * * LOW HITPOINT WARNING * * *
The rat closely misses you. The rat attacks as you move away!
The rat barely misses you. The rat misses you.
The rat attacks as you move away! The rat barely misses you.
The rat attacks as you move away! The rat bites you.
You die...

..# #############............#..
### ##.## #.>......###......#
##...## #........###....### ###
##.....## #........##..[..#
#.###.......###........##.†...#
..##.........##...####.#......#
..+.....<.....'....###.#..##.##
.######...#####.....#.....##.# .#
##.## #..@...#.#...##.# .# #.#
###..r.....#..###.## .# #.#
#...S..............# .# #.#
#.........##..###..### .# ##+#
#...>...........#..... .#
##..###................†####
.#####.................###.#.####
........................##.......
#..................#..#.####.####


You could see an adder (slow) and a rat.

Vanquished Creatures
  3 adders (D:2)
  A bat (D:1)
  An endoplasm (D:2)
  A giant cockroach (D:1)
  4 hobgoblins (D:1)
  A quokka (D:1)
  8 ball pythons
  2 frilled lizards (D:1)
  A kobold (D:1)
  3 rats (D:1)
25 creatures vanquished.

Vanquished Creatures (others)
  An endoplasm (D:1)
1 creature vanquished.

Grand Total: 26 creatures vanquished

Notes
Turn   | Place    | Note
-------+----------+-------------------------------------------
     0 | D:1      | SacredBeard the Deep Elf Hexslinger began the quest for the
                  | Orb.
     0 | D:1      | Reached XP level 1. HP: 11/11 MP: 5/5
   116 | D:1      | Reached skill level 1 in Fighting
   116 | D:1      | Reached XP level 2. HP: 16/16 MP: 6/6
   524 | D:2      | Reached XP level 3. HP: 20/20 MP: 6/8
   647 | D:1      | Slain by a rat

Illustrated notes

Levels and vault maps discovered:
D:1:      mrwooster_arrival_arrow, layout_rooms, lemuel_flame_loot_1
D:2:      cheibrodos_old_hovel, layout_basic, minmay_crystal_room,
          minmay_misc_feat_columns, minmay_snake_closets

Skill      XL: |  1  2  3 |
---------------+----------+-----
Ranged Weapons | 3 |  3.9
Fighting       | 1 |  1.0
Spellcasting   | 2 |  2.4
Dodging        | 3 |  3.0
Hexes          | |  4.5

Action                     || total
---------------------------++-------
   Fire: Sling             ||    74
   Cast: Slow              ||     9
 Armour: Robe              ||     3
  Dodge: Dodged            ||    29
